 Dungeon Sprint DCSS version 0.23-a0-703-gdf2d5e0dd9 (webtiles) character file.

2373 Denreik the Cruncher (level 9, -4/82 HPs)
             Began as a Formicid Fighter on Jan 13, 2019.
             Was a Follower of Cheibriados.
             Slain by a tentacle (10 damage)
             ... attached to a kraken
             ... in the Dungeon (Sprint II: "The Violet Keep of Menkaure").
             The game lasted 00:22:24 (2034 turns).

Denreik the Cruncher (Formicid Fighter)             Turns: 2034, Time: 00:22:25

Health: -4/82      AC: 10    Str: 27    XL:     9   Next: 73%
Magic:  9/9        EV: 10    Int: 10    God:    Cheibriados [*.....]
Gold:   96         SH: 13    Dex: 12    Spells: 8/8 levels left

rFire    . . .     SeeInvis +   a - +1 trident "Banisher" {pierce, +Fly rPois Str-3 Stlth+}
rCold    . . .     Gourm    .   c - +0 shield
rNeg     . . .     Faith    .   d - +1 scale mail "Yniofor" {Str+6} (curse)
rPois    +         Spirit   .   (helmet unavailable)
rElec    .         Reflect  .   (no cloak)
rCorr    .         Harm     .   (no gloves)
MR       .....                  (no boots)
Stlth    +.........             (no amulet)
HPRegen  0.23/turn              m - +3 ring of protection
MPRegen  0.11/turn              (no ring)

@: very slow
A: permanent stasis, dig shafts and tunnels, four strong arms, antennae 3,
blurry vision 1, weak 1
a: Dig, Bend Time, Renounce Religion, Evoke Flight


You were in the Dungeon.
You worshipped Cheibriados.
Cheibriados was aware of your devotion.
You were not hungry.

You visited 1 branch You collected 810 gold pieces.
You spent 714 gold pieces at shops.

Inventory:

Hand Weapons
 a - the +1 trident "Banisher" (weapon) {pierce, +Fly rPois Str-3 Stlth+}
   (You bought it in a shop in the Dungeon)

   It inflicts extra damage upon your enemies.
   It affects your strength (-3).
   It protects you from poison.
   It lets you fly.
   It makes you more stealthy.
 b - a +0 arbalest
 l - a +0 quarterstaff
Missiles
 p - 16 bolts
Armour
 c - a +0 shield (worn)
 d - the cursed +1 scale mail "Yniofor" (worn) {Str+6}
   (You bought it in a shop in the Dungeon)

   It affects your strength (+6).
   It has a curse placed upon it.
 o - a +0 scale mail
Jewellery
 m - a +3 ring of protection (left hand)
Scrolls
 k - a scroll of blinking
Potions
 e - 2 potions of curing
 g - a potion of heal wounds
 h - a potion of haste
 i - 2 potions of magic
 j - a potion of berserk rage
 n - a potion of ambrosia {unknown}
Comestibles
 f - a ration


   Skills:
 - Level 12.0 Fighting
 - Level 13.7 Staves
 * Level 5.0 Crossbows
 - Level 3.2 Armour
 + Level 12.7 Shields


You had 8 spell levels left.
You didn't know any spells.
Your spell library was empty.

Dungeon Overview and Level Annotations

Branches:
Dungeon (1/1)

Altars:
Cheibriados
Dithmenos
Elyvilon
Fedhas
Gozag
Hepliaklqana
Kikubaaqudgha
Makhleb
Nemelex Xobeh
Okawaru
Qazlal
Ru
Sif Muna
Trog
Uskayaw
Vehumet
Wu Jian
Xom
Yredelemnul
Zin
The Shining One
Beogh
Jiyva
Lugonu

Shops:
D =:?!%(!=}!}:[[*:

Annotations:
D exclusions: Roxanne and oklob plant, Roxanne


Innate Abilities, Weirdness & Mutations

You cannot be hasted, slowed, berserked, paralysed or teleported.
You can dig through walls and to a lower floor.
Your four strong arms can wield two-handed weapons with a shield.
You have a pair of large antennae on your head. (SInv)
Scrolls take you a little longer to read.
You are weak. (Str -2)


Message History

You hit the tentacle.
The tentacle is severely wounded.
The tentacle slaps you.
* * * LOW HITPOINT WARNING * * *
You puncture the tentacle!
The tentacle is almost dead.
The tentacle slaps you but does no damage.
You block the tentacle's attack.
You hit the tentacle but do no damage.
The tentacle is almost dead.
You block the tentacle's attack.
You hit the tentacle but do no damage.
The tentacle is almost dead.
The tentacle slaps you!
* * * LOW HITPOINT WARNING * * *
You block the tentacle's attack.
You hit the tentacle but do no damage.
The tentacle is almost dead.
The tentacle slaps you!
You die...

{ ▓=?%%(?)%▓▓ {
▓[????([?▓▓ { +.##.
)▓?$!!((%?▓▓ { ...#
##▓[)!!$%((▓▓ #..#
.#▓[))%[?$(▓▓ { { +..#
.#▓?[)$(!=)▓▓ {#..#
.#▓!?(!)$$(▓▓ {
###..##.#▓?$%$[(@)▓▓
.###...##▓▓▓▓▓▓▓w▓▓▓▓+▓
...≈≈≈≈≈≈≈≈≈≈≈≈≈.\wXw≈▓
§.§≈#'########'###Vw≈≈▓
≈§.≈#..._._._#≈§§##≈≈≈▓
§≈§≈#_._._._.#§§≈§####▓
§≈≈≈#._._._._#§§≈§≈##
≈≈≈≈#_._._._.#≈§§§§≈# {
≈§≈≈#._._._..#§§§§§≈+


You could see a kraken and 4 tentacles.

Vanquished Creatures
  A yaktaur (D)
  3 polar bears (D)
  A hornet (D)
  A blink frog (D)
  3 neqoxecs (D)
  Menkaure (D)
  4 necrophages (D)
  3 crocodiles (D)
  4 worker ants (D)
21 creatures vanquished.

Vanquished Creatures (others)
  A neqoxec (D)
  A crocodile (D)
  8 tentacles (D)
10 creatures vanquished.

Grand Total: 31 creatures vanquished

Notes
Turn   | Place    | Note
-------+----------+-------------------------------------------
     0 | D        | Denreik the Formicid Fighter began the quest for the Orb.
     0 | D        | Reached XP level 1. HP: 18/18 MP: 1/1
     1 | D        | Noticed a necrophage
     1 | D        | Noticed a necrophage
     1 | D        | Noticed a necrophage
     1 | D        | Noticed a necrophage
     5 | D        | Killed a necrophage
     5 | D        | Reached XP level 2. HP: 33/35 MP: 2/2
     5 | D        | Reached XP level 3. HP: 39/41 MP: 3/3
     5 | D        | Reached XP level 4. HP: 45/47 MP: 4/4
    15 | D        | Killed a crocodile
    22 | D        | Killed a necrophage
    22 | D        | Reached XP level 5. HP: 25/52 MP: 5/5
    26 | D        | Killed a necrophage
    26 | D        | Reached XP level 6. HP: 28/59 MP: 6/6
    31 | D        | Killed a necrophage
    31 | D        | Reached skill level 10 in Shields
   296 | D        | Noticed a tyrant leech
   296 | D        | Noticed a tyrant leech
   310 | D        | Reached XP level 7. HP: 57/65 MP: 7/7
   361 | D        | Reached skill level 3 in Staves
   386 | D        | Noticed a neqoxec
   386 | D        | Noticed a neqoxec
   393 | D        | Gained mutation: Scrolls take you a little longer to read.
                  | [a neqoxec]
   394 | D        | Noticed a neqoxec
   395 | D        | Killed a neqoxec
   395 | D        | Reached skill level 6 in Staves
   396 | D        | Gained mutation: You are weak. (Str -2) [a neqoxec]
   400 | D        | Killed a neqoxec
   400 | D        | Reached skill level 8 in Staves
   404 | D        | Killed a neqoxec
   404 | D        | Reached skill level 9 in Staves
   404 | D        | Reached XP level 8. HP: 63/71 MP: 8/8
   449 | D        | Found Netapo's Book Shop.
   449 | D        | Found Wapteiga's Gadget Shop.
   449 | D        | Found Dyvvuaho's Distillery.
   449 | D        | Found Kalegen's Antique Armour Boutique.
   449 | D        | Found Ireoz's General Store.
   449 | D        | Found Ampyonul's Gadget Shop.
   449 | D        | Found Jigiopn's Book Shop.
   449 | D        | Found Licewe's Jewellery Boutique.
   450 | D        | Found Mozaes Lexef's Antique Armour Shop.
   450 | D        | Found Cacah's Distillery.
   450 | D        | Found Pubbopn's Antique Weapon Boutique.
   450 | D        | Noticed an iron elemental
   451 | D        | Found Camolora's Food Shop.
   452 | D        | Found Tonul's Distillery.
   452 | D        | Found Caygimos's Magic Scroll Shop.
   452 | D        | Noticed Menkaure
   452 | D        | Noticed an oklob plant
   463 | D        | Killed Menkaure
   463 | D        | Reached skill level 10 in Staves
   469 | D        | Found Yvomuuxe's Book Shoppe.
   469 | D        | Found Zovirpha's Jewellery Boutique.
   722 | D        | Noticed a yak
   722 | D        | Noticed a yak
   723 | D        | Noticed a yak
   725 | D        | Noticed a death yak
   753 | D        | Bought a slimy scale mail for 144 gold pieces
   763 | D        | Identified the cursed +1 scale mail "Yniofor" {Str+6} (You
                  | bought it in a shop in the Dungeon)
   765 | D        | Bought a polished trident for 238 gold pieces
   765 | D        | Identified the +1 trident "Banisher" {pierce, +Fly rPois
                  | Str-3 Stlth+} (You bought it in a shop in the Dungeon)
   774 | D        | Bought a potion of curing for 30 gold pieces
   774 | D        | Bought a potion of heal wounds for 50 gold pieces
   779 | D        | Bought a +3 ring of protection for 252 gold pieces
   789 | D        | Noticed a blink frog
   812 | D        | Killed a blink frog
   812 | D        | Reached skill level 11 in Staves
   880 | D        | Found a glowing golden altar of the Shining One.
   880 | D        | Found an ornate altar of the Wu Jian Council.
   881 | D        | Found a stormy altar of Qazlal.
   881 | D        | Found a shimmering altar of Xom.
   881 | D        | Found a sacrificial altar of Ru.
   882 | D        | Found a basalt altar of Yredelemnul.
   882 | D        | Found a deep blue altar of Sif Muna.
   882 | D        | Found a viscous altar of Jiyva.
   882 | D        | Found a hazy altar of Hepliaklqana.
   883 | D        | Found a glowing silver altar of Zin.
   883 | D        | Found a bloodstained altar of Trog.
   883 | D        | Found an ancient bone altar of Kikubaaqudgha.
   884 | D        | Found a hide-covered altar of Uskayaw.
   884 | D        | Found a corrupted altar of Lugonu.
   884 | D        | Found a shadowy altar of Dithmenos.
   885 | D        | Found a radiant altar of Vehumet.
   885 | D        | Found a burning altar of Makhleb.
   885 | D        | Found a white marble altar of Elyvilon.
   886 | D        | Found a sparkling altar of Nemelex Xobeh.
   886 | D        | Found a blossoming altar of Fedhas.
   890 | D        | Found a snail-covered altar of Cheibriados.
   891 | D        | Found a roughly hewn altar of Beogh.
  1150 | D        | Noticed a polar bear
  1150 | D        | Noticed a polar bear
  1151 | D        | Noticed a polar bear
  1152 | D        | Noticed a hornet
  1153 | D        | Noticed a yaktaur
  1174 | D        | Killed a polar bear
  1174 | D        | Reached skill level 12 in Staves
  1179 | D        | Killed a polar bear
  1179 | D        | Reached skill level 13 in Staves
  1179 | D        | Reached XP level 9. HP: 33/77 MP: 9/9
  1201 | D        | Killed a yaktaur
  1498 | D        | Killed a hornet
  1541 | D        | Killed a polar bear
  1651 | D        | Found an iron altar of Okawaru.
  1651 | D        | Found an opulent altar of Gozag.
  1663 | D        | Became a worshipper of Cheibriados the Contemplative
  1680 | D        | Noticed a kraken
  1780 | D        | Reached * piety under Cheibriados
  1780 | D        | Reached skill level 5 in Crossbows
  1997 | D        | Identified Roxanne's Collected Works on Transmutation
  1997 | D        | Noticed Roxanne
  2034 | D        | Slain by a tentacle

Vault maps used:
D:        the_violet_keep_of_menkaure

Skill      XL: |  1  2  3  4  5  6  7  8  9 |
---------------+----------------------------+-----
Fighting       | 9 12 | 12.0
Shields        | 8 10 11 12 | 12.7
Staves         | 9 13 | 13.7
Crossbows      | 5 |  5.0
Armour         | |  3.2

Action                   |  1- 3 |  4- 6 |  7- 9 || total
-------------------------+-------+-------+-------++-------
Melee: Quarterstaff      |     3 |    32 |    37 ||    72
       Trident           |       |       |   111 ||   111
 Fire: Arbalest          |       |       |     1 ||     1
  Use: Potion            |       |       |     2 ||     2
  Eat: Chunk             |       |       |     3 ||     3
Armor: Scale mail        |       |     5 |    48 ||    53
Dodge: Dodged            |       |     8 |    38 ||    46
Block: Shield            |     1 |    14 |    81 ||    96

Table legend:
 A = Non-vault XP
 B = Vault XP
 C = Vault XP percentage of total XP
 D = Non-vault monster count
 E = Vault monster count
 F = Vault count percentage of total count
                 A         B        C        D         E       F
            +---------+---------+-------+---------+---------+-------
      Total |       0 |    3390 | 100.0 |       0 |      21 | 100.0
            +---------+---------+-------+---------+---------+-------
          D |       0 |    3390 | 100.0 |       0 |      21 | 100.0
            +---------+---------+-------+---------+---------+-------
